 Dungeon Crawl Stone Soup version 0.16-a0-3280-g3a29b53 (webtiles) character file.

25 Ololoev the Poker (level 3, -3/27 HPs)
             Began as a Merfolk Gladiator on Dec 24, 2014.
             Killed by nerve-wracking pain
             ... invoked by Jessica
              (11 damage)
             ... on level 2 of the Dungeon.
             The game lasted 00:02:00 (830 turns).

Ololoev the Poker (Merfolk Gladiator)                Turns: 830, Time: 00:02:00

Health: -3/27      AC:  5    Str: 16    XL:     3   Next: 6%
Magic:  3/3        EV: 13    Int:  7    God:
Gold:   30         SH:  0    Dex: 14    Spells: 0 memorised, 2 levels left

rFire  + . .     SeeInvis .     a - +0 trident
rCold  . . .     Clarity  .     b - +0 leather armour
rNeg   . . .     SustAb   .     (no shield)
rPois  .         Gourm    .     c - +0 helmet
rElec  .         Spirit   .     (no cloak)
rCorr  .         Warding  .     (no gloves)
rMut   .         Stasis   .     p - +0 pair of boots
MR     .....                    e - amulet of inaccuracy (curse)
Stlth  +.........               (no ring)
                                j - ring of protection from fire

@: slowed, very slow, not resistant to hostile enchantments, very unstealthy
A: change form in water, swift swim
a: no special abilities


You were on level 2 of the Dungeon.
You were not hungry.

You visited 1 branch of the dungeon, and saw 2 of its levels.

You collected 30 gold pieces.

Notes
Turn   | Place    | Note
--------------------------------------------------------------
     0 | D:1      | Ololoev, the Merfolk Gladiator, began the quest for the Orb.
     0 | D:1      | Reached XP level 1. HP: 16/16 MP: 1/1
    81 | D:1      | Reached skill level 5 in Polearms
   163 | D:1      | Reached XP level 2. HP: 17/22 MP: 2/2
   580 | D:1      | Reached XP level 3. HP: 27/27 MP: 3/3
   609 | D:1      | Reached skill level 6 in Polearms
   772 | D:2      | Found a glowing golden altar of the Shining One.
   814 | D:2      | Noticed Jessica
   830 | D:2      | Killed from afar by Jessica

Inventory:

Hand weapons
 a - a +0 trident (weapon)
Missiles
 d - 3 throwing nets (quivered)
Armour
 b - a +0 leather armour (worn)
 c - a +0 helmet (worn)
 p - a +0 pair of boots (worn)
Jewellery
 e - a cursed amulet of inaccuracy (around neck)
 j - a ring of protection from fire (left hand)
Scrolls
 h - a scroll of fog {unknown}
 k - a scroll of teleportation {unknown}
 m - a scroll of remove curse {unknown}
 n - a scroll of amnesia {unknown}
 o - a scroll of enchant weapon {unknown}
Potions
 g - 2 potions of invisibility {unknown}
 i - 2 potions of curing {unknown}
 l - 2 potions of magic {unknown}
Comestibles
 f - 3 bread rations

Table legend:
 A = Turns spent in this place as a percentage of turns spent in the entire game.
 B = Non-inter-level travel turns spent in this place as a percentage of non-inter-level travel turns spent in the entire game.
 C = Inter-level travel turns spent in this place as a percentage of turns spent in this place.
 D = Turns resting spent in this place as a percentage of non-inter-level travel turns spent in this place.
 E = Turns spent auto-exploring this place as a percentage of non-inter-level travel turns spent in this place.
 F = Non-inter-level travel turns spent in this place divided by the number of levels of this place that you've seen.
                   A       B       C       D       E      F
               +-------+-------+-------+-------+-------+----------------------
         Total | 100.0 | 100.0 |   0.2 |   0.0 |   9.6 | 272.0
       Dungeon | 100.0 | 100.0 |   0.2 |   0.0 |   9.6 | 272.0
               +-------+-------+-------+-------+-------+----------------------


   Skills:
 - Level 2.1 Fighting
 + Level 6.0 Polearms
 - Level 2.0 Throwing
 - Level 4.0 Dodging


You had 2 spell levels left.
You didn't know any spells.

Dungeon Overview and Level Annotations

Branches:
Dungeon (2/15)

Altars:
The Shining One

Annotations:
D:2 Jessica


Message History

Jessica seems to speed up.
You barely miss Jessica. Jessica hits you but does no damage. Jessica hits you.
You hit Jessica but do no damage. Jessica hits you.
You hit Jessica.
Jessica is severely wounded.
Jessica casts a spell at you.
You feel yourself slow down. Jessica hits you but does no damage.
You barely miss Jessica.
Jessica is severely wounded.
Jessica gestures wildly while chanting.
Jessica blinks!
Jessica barely misses you. Jessica closely misses you. Jessica hits you.
Jessica mumbles some strange words.
Jessica blinks!
You barely miss Jessica.
Jessica is severely wounded.
Jessica closely misses you. Jessica hits you.
You miss Jessica.
Jessica is severely wounded.
Jessica grins evilly.
Jessica closely misses you. Jessica hits you but does no damage.
You closely miss Jessica.
Jessica is heavily wounded.
Jessica barely misses you. Jessica hits you but does no damage.
You closely miss Jessica.
Jessica is heavily wounded.
Jessica points at you and mumbles some strange words.
Pain shoots through your body! Jessica barely misses you. Jessica hits you.
You are too injured to fight recklessly!
You are too injured to fight recklessly!
You are too injured to fight recklessly!
You barely miss Jessica.
Jessica is heavily wounded.
Jessica closely misses you. x2
You closely miss Jessica.
Jessica is heavily wounded.
Jessica casts a spell at you. Pain shoots through your body!
You die...

.. #. #. #. #.
#.#### #....# #....#
#..@.# #..@.# #....#
############
#....#.##...........
#....#..............
##...####.........<.
###.......#.....#.#
#..####.#.##..#.#
#..# #.#.....#.#


You could see Jessica.

Table legend:
 A = Kills in this place as a percentage of kills in entire the game.
 B = Kills by you in this place as a percentage of kills by you in the entire game.
 C = Kills by friends in this place as a percentage of kills by friends in the entire game.
 D = Other kills in this place as a percentage of other kills in the entire game.
 E = Experience gained in this place as a percentage of experience gained in the entire game.
 F = Experience gained in this place divided by the number of levels of this place that you have seen.
                   A       B       C       D       E      F
               +-------+-------+-------+-------+-------+----------------------
         Total | 100.0 | 100.0 |  -nan |  -nan | 100.0 |  18.5
       Dungeon | 100.0 | 100.0 |  -nan |  -nan | 100.0 |  18.5
               +-------+-------+-------+-------+-------+----------------------

Vanquished Creatures
  A giant gecko (D:1)
  A ball python (D:1)
  2 hobgoblins (D:1)
  2 jackals (D:1)
  4 kobolds (D:1)
  5 bats (D:1)
  2 giant newts
  2 goblins (D:1)
  7 rats
26 creatures vanquished.

Action                   || total
-------------------------++-------
Melee: Trident           ||   119

Vault maps used:
D:1:      elethiomel_arrival_diamonds
D:2:      kiku_gazebo_garden_becter, tso_metal_star, grunt_qazlal_clouds,
          uniq_jessica
